 Dungeon Crawl Stone Soup version 0.25-a0-589-g1e14c549ee (webtiles) character file.

Game seed: 17549227181864362498, levelgen mode: deterministic

2860 Kohma the Blocker (level 9, -3/63 HPs)
             Began as a Demonspawn Fighter on Mar 11, 2020.
             Was an Initiate of Dithmenos.
             Slain by Grum
             ... wielding a -1 halberd
              (11 damage)
             ... on level 8 of the Dungeon.
             The game lasted 00:21:09 (9366 turns).

Kohma the Blocker (Demonspawn Fighter)              Turns: 9366, Time: 00:21:10

Health: -3/63      AC: 10    Str: 16    XL:     9   Next: 47%
Magic:  12/12      EV: 18    Int: 13    God:    Dithmenos [......]
Gold:   177        SH: 11    Dex: 13    Spells: 10/12 levels left

rFire    + . .     SeeInvis .   a - +2 rapier (venom)
rCold    . . .     Gourm    .   c - +0 kite shield
rNeg     . . .     Faith    .   B - +2 leather armour {rF+}
rPois    .         Spirit   .   (helmet restricted)
rElec    .         Reflect  .   o - +0 cloak
rCorr    .         Harm     .   H - +1 pair of gloves
MR       .....                  (no boots)
Stlth    ++++......             (no amulet)
HPRegen  0.20/turn              g - +2 ring of protection
MPRegen  0.13/turn              q - +4 ring of evasion

@: agile
A: antennae 1, nightstalker 3, powered by pain 1
a: Renounce Religion


You were on level 8 of the Dungeon.
You worshipped Dithmenos.
Dithmenos was noncommittal.
You were hungry.

You visited 2 branches of the dungeon, and saw 9 of its levels.

You collected 356 gold pieces.
You spent 179 gold pieces at shops.

Inventory:

Hand Weapons
 a - a +2 rapier of venom (weapon)
 b - a +3 dagger of venom
 i - a +2 dagger of freezing
 m - a +3 dagger
 y - a +0 long sword
Missiles
 n - 9 poisoned darts (quivered)
 t - 83 arrows
Armour
 c - a +0 kite shield (worn)
 o - a +0 cloak (worn)
 w - a +0 leather armour of cold resistance
 B - a +2 leather armour of fire resistance (worn)
 H - a +1 pair of gloves (worn)
 J - a +2 robe of magic resistance
Jewellery
 g - a +2 ring of protection (left hand)
 j - an uncursed amulet of harm {unknown}
 q - a +4 ring of evasion (right hand)
Wands
 p - a wand of disintegration (2)
 v - a wand of polymorph (6)
 A - a wand of flame (23)
 I - a wand of random effects (17)
Scrolls
 h - 4 scrolls of remove curse
 k - a scroll of immolation
 r - 3 scrolls of identify
 K - 2 scrolls of teleportation
 L - 2 scrolls of enchant weapon
 M - a scroll of amnesia {unknown}
Potions
 d - a potion of stabbing
 e - 3 potions of curing
 l - 4 potions of lignification
 s - 2 potions of magic {unknown}
 u - 3 potions of ambrosia
 x - a potion of resistance {unknown}
 z - 2 potions of brilliance {unknown}
 C - a potion of mutation {unknown}
 D - 2 potions of invisibility {unknown}
 E - a potion of haste
 F - 4 potions of heal wounds
 G - a potion of flight {unknown}
Comestibles
 f - 13 rations
 N - 6 chunks of flesh


   Skills:
 - Level 3.0 Fighting
 + Level 7.6(7.7) Short Blades
 - Level 2.0(5.2) Long Blades
 - Level 3.6 Armour
 + Level 8.2 Shields
 - Level 2.2 Spellcasting
 - Level 3.2 Translocations


You had 10 spell levels left.
You knew the following spells:

 Your Spells              Type           Power        Failure   Level  Hunger
a - Blink                 Tloc           N/A          28%         2    ###....

Your spell library contained the following spells:

 Spells                   Type           Power        Failure   Level  Hunger
 Animate Skeleton         Necr           N/A          58%         1    ##.....
 Magic Dart               Conj           #...         58%         1    ##.....
 Pain                     Necr           #...         58%         1    ##.....
 Call Imp                 Summ           #.......     73%         2    ###....
 Slow                     Hex            #.......     73%         2    ###....
 Conjure Flame            Conj/Fire      #.......     91%         3    ####...
 Mephitic Cloud           Conj/Pois/Air  #.......     91%         3    ####...
 Vampiric Draining        Necr           #.........   91%         3    ####...
 Animate Dead             Necr           N/A          100%        4    #####..
 Agony                    Necr           #.......     100%        5    ######.


Dungeon Overview and Level Annotations

Branches:
Dungeon (8/15)             Temple (1/1) D:7
   Lair: D:8-11

Altars:
Ashenzari
Cheibriados
Dithmenos
Elyvilon
Fedhas
Gozag
Hepliaklqana
Kikubaaqudgha
Makhleb
Nemelex Xobeh
Okawaru
Qazlal
Ru
Sif Muna
Trog
Uskayaw
Vehumet
Wu Jian
Xom
Yredelemnul
Zin
The Shining One

Shops:
D:5 !([   D:7 %

Annotations:
D:8 Grum


Innate Abilities, Weirdness & Mutations

You have a pair of small antennae on your head.
You are completely attuned to the shadows.
You sometimes gain a little power by taking damage.


Message History

You kill the bullfrog!
Dithmenos accepts your kill.
You are struck by the porcupine's spines.
You hit the porcupine but do no damage.
The porcupine is poisoned.
The porcupine is heavily wounded.
The porcupine bites you. You block Grum's attack.
You are struck by the porcupine's spines.
* * * LOW HITPOINT WARNING * * *
You barely miss the porcupine.
The porcupine is heavily wounded.
You block the porcupine's attack.
You are struck by the porcupine's spines.
* * * LOW HITPOINT WARNING * * *
You focus on the pain.
You feel more agile all of a sudden.
Your shield prevents you from hitting the porcupine.
The porcupine is heavily wounded.
A wolf comes into view.
Grum hits you from afar with a -1 halberd!
You die...

.#...#####.######
##.[.
#......####.#
....
..........(.# .
#.....######
##...## ##.## #.#
#.###### #Ygr@..#
#h####.#
####.##P. .P
...Yrg.P. .
####...P. #..P.P
P...P. #.P...#
..PP..#


You could see Grum, a yak, a wolf (wandering) and a porcupine.

Vanquished Creatures
  Sigmund (D:3)
  Edmund (D:4)
  Duvessa (D:4)
  An orc warrior (D:7)
  A sky beast (D:6)
  2 ice beasts
  3 ogres (D:7)
  A black bear (D:5)
  A wolf (D:8)
  A centaur (D:8)
  5 bullfrogs
  A wyvern zombie (D:6)
  Dowan (D:4)
  2 scorpions
  4 wights (D:7)
  A bullfrog zombie (D:7)
  A centaur zombie (D:7)
  A crimson imp (D:7)
  A jelly (D:5)
  A bullfrog skeleton (D:6)
  A centaur skeleton (D:4)
  2 orc priests
  4 orc wizards
  Terence (D:2)
  Ijyb (D:3)
  Natasha (thrice) (D:3)
  4 worker ants
  A killer bee zombie (D:8)
  A howler monkey zombie (D:5)
  Robin (D:3)
  14 adders
  A shadow imp (D:7)
  2 oozes
  2 adder skeletons
  2 worms
  A dart slug (D:4)
  5 leopard geckos
  23 orcs
  3 ball pythons
  5 giant cockroaches
  21 goblins
  11 hobgoblins
  8 jackals
  7 kobolds
  3 quokkas
  11 bats
  8 frilled lizards
  A giant cockroach zombie (D:6)
  A jackal skeleton (D:4)
  6 rats
185 creatures vanquished.

Vanquished Creatures (others)
  5 fungi (D:8)
  A plant (D:8)
6 creatures vanquished.

Grand Total: 191 creatures vanquished

Notes
Turn   | Place    | Note
-------+----------+-------------------------------------------
     0 | D:1      | Kohma the Demonspawn Fighter began the quest for the Orb.
     0 | D:1      | Reached XP level 1. HP: 18/18 MP: 1/1
   152 | D:1      | Gained mutation: You are slightly more attuned to the
                  | shadows. [demonic ancestry]
   152 | D:1      | Reached XP level 2. HP: 16/24 MP: 2/2
   603 | D:1      | Reached skill level 3 in Shields
   700 | D:1      | Gained mutation: You have a pair of small antennae on your
                  | head. [demonic ancestry]
   700 | D:1      | Reached XP level 3. HP: 29/29 MP: 3/3
  1022 | D:2      | Noticed Terence
  1039 | D:2      | Killed Terence
  1039 | D:2      | Reached skill level 1 in Short Blades
  1236 | D:2      | Gained mutation: You sometimes gain a little power by
                  | taking damage. [demonic ancestry]
  1236 | D:2      | Reached XP level 4. HP: 23/35 MP: 4/4
  2112 | D:3      | Noticed Natasha
  2135 | D:3      | Killed Natasha
  2441 | D:3      | Reached XP level 5. HP: 40/41 MP: 5/5
  2597 | D:3      | Noticed Ijyb
  2614 | D:3      | Killed Ijyb
  2614 | D:3      | Reached skill level 4 in Shields
  3012 | D:3      | Noticed Natasha
  3021 | D:3      | Killed Natasha
  3124 | D:3      | Noticed Robin
  3143 | D:3      | Killed Robin
  3200 | D:3      | Noticed Sigmund
  3203 | D:3      | Gained mutation: You are significantly more attuned to the
                  | shadows. [demonic ancestry]
  3203 | D:3      | Reached XP level 6. HP: 46/47 MP: 6/6
  3224 | D:3      | Killed Sigmund
  3507 | D:3      | Noticed Natasha
  3514 | D:3      | Killed Natasha
  3514 | D:3      | Reached skill level 5 in Shields
  3936 | D:4      | Noticed Duvessa
  3936 | D:4      | Noticed Dowan
  3959 | D:4      | Noticed Edmund
  4024 | D:4      | Killed Edmund
  4024 | D:4      | Reached XP level 7. HP: 18/52 MP: 7/7
  5400 | D:5      | Entered Level 5 of the Dungeon
  5538 | D:5      | Found Isioqeir's Distillery.
  5544 | D:5      | Bought a potion of degeneration for 11 gold pieces
  5555 | D:5      | Found Uhuxuh's Weapon Shoppe.
  5561 | D:5      | Bought a +2 rapier of venom for 168 gold pieces
  5924 | D:4      | Reached skill level 5 in Short Blades
  5924 | D:4      | Reached skill level 6 in Shields
  6328 | D:5      | Found Kiujim's Armour Emporium.
  6356 | D:5      | Learned a level 2 spell: Blink
  6446 | D:5      | Gained mutation: You are completely attuned to the shadows.
                  | [demonic ancestry]
  6446 | D:5      | Reached XP level 8. HP: 57/58 MP: 8/8
  6930 | D:4      | Killed Duvessa
  6930 | D:4      | Reached skill level 1 in Spellcasting
  6930 | D:4      | Reached skill level 1 in Translocations
  6939 | D:4      | Killed Dowan
  7768 | D:7      | Reached skill level 7 in Shields
  8036 | D:7      | Reached XP level 9. HP: 46/63 MP: 12/12
  8358 | D:7      | Found Zuroduum's Food Shoppe.
  8422 | D:7      | Found a staircase to the Ecumenical Temple.
  8449 | Temple   | Entered the Ecumenical Temple
  8567 | Temple   | Became a worshipper of Dithmenos the Shadowed
  8693 | D:7      | Found a sparkling altar of Nemelex Xobeh.
  9121 | D:8      | Reached skill level 8 in Shields
  9339 | D:8      | Noticed Grum
  9366 | D:8      | Slain by Grum

Levels and vault maps discovered:
D:1:      sevenhm_arrival_forest_fort_large_2, layout_basic,
          minmay_stone_trees_small, grunt_decor_one_mirror
D:2:      layout_loops_corners, kennysheep_generic_room_16, uniq_terence
D:3:      layout_loops_ring, uniq_ijyb, uniq_natasha, uniq_robin, uniq_sigmund
D:4:      layout_layer_cave, first_ration, uniq_edmund, uniq_duvessa
D:5:      layout_gridville, serial_shops, nicolae_shop_window_shopping, shop,
          shop
D:6:      layout_rooms, chequers_serial_rivers_small_a
D:7:      layout_rooms, lemuel_doored_altar, minmay_temple_entry_wispy,
          serial_shops, shop_fountains
D:8:      layout_loops_ring, grunt_lair_entry_orc_guard_hut, serial_shops, shop,
          uniq_grum
Temple:   nicolae_temple_the_god_donut

Skill      XL: |  1  2  3  4  5  6  7  8  9 |
---------------+----------------------------+-----
Long Blades    | 2 |  2.0
Armour         | 3 |  3.6
Shields        | 3 4 5 6 7 8 |  8.2
Short Blades   | 1 2 3 4 5 6 7 |  7.6
Spellcasting   | 2 |  2.2
Translocations | 3 |  3.2
Fighting       | |  3.0

Action                   |  1- 3 |  4- 6 |  7- 9 || total
-------------------------+-------+-------+-------++-------
Melee: Long sword        |    30 |       |       ||    30
       Dagger            |   104 |   251 |    70 ||   425
       Unarmed           |       |     1 |       ||     1
       Rapier            |       |       |   288 ||   288
Throw: Dart              |       |       |     4 ||     4
  Use: Potion            |     1 |     1 |       ||     2
       Scroll            |       |       |    17 ||    17
 Stab: Sleeping          |       |     3 |    14 ||    17
       Distracted        |       |       |     1 ||     1
  Eat: Chunk             |     1 |     9 |    10 ||    20
       Ration            |       |       |     2 ||     2
Armor: Scale mail        |    81 |    31 |       ||   112
       Leather armour    |       |    16 |    72 ||    88
Dodge: Dodged            |    45 |    49 |   126 ||   220
Block: Kite shield       |    67 |    86 |   141 ||   294
       Rpst.: Long sword |     3 |       |       ||     3

Table legend:
 A = Non-vault XP
 B = Vault XP
 C = Vault XP percentage of total XP
 D = Non-vault monster count
 E = Vault monster count
 F = Vault count percentage of total count
                 A         B        C        D         E       F
            +---------+---------+-------+---------+---------+-------
      Total |    3141 |     945 |  23.1 |     162 |      23 |  12.4
            +---------+---------+-------+---------+---------+-------
        D:1 |      42 |       0 |   0.0 |      24 |       0 |   0.0
        D:2 |      50 |      42 |  45.7 |      25 |       5 |  16.7
        D:3 |     193 |     314 |  61.9 |      32 |      13 |  28.9
        D:4 |     336 |     388 |  53.6 |      17 |       3 |  15.0
        D:5 |     357 |       0 |   0.0 |      13 |       0 |   0.0
        D:6 |     483 |       0 |   0.0 |      15 |       0 |   0.0
        D:7 |    1406 |       0 |   0.0 |      31 |       0 |   0.0
        D:8 |     274 |     201 |  42.3 |       5 |       2 |  28.6
            +---------+---------+-------+---------+---------+-------
